 Dungeon Crawl Stone Soup version 0.17.1-1-g73c8601 (webtiles) character file.

1951 Kurtz the Martial Artist (level 8, 0/58 HPs)
             Began as a Mummy Monk on Oct 6, 2018.
             Slain by a gnoll sergeant
             ... wielding a +2 spear of flaming
              (9 damage)
             ... on level 5 of the Dungeon.
             The game lasted 00:17:50 (25679 turns).

Kurtz the Martial Artist (Mummy Monk)              Turns: 25679, Time: 00:17:50

Health: 0/58       AC:  3    Str: 14    XL:     8   Next: 99%
Magic:  8/8        EV: 17    Int:  9    God:
Gold:   275        SH:  0    Dex: 17    Spells: 0 memorised, 7 levels left

rFire  x . .     SeeInvis .       - Unarmed
rCold  + . .     Clarity  .     (no armour)
rNeg   + + +     SustAt   .     (no shield)
rPois  ∞         Gourm    .     (no helmet)
rElec  .         Spirit   .     j - +0 cloak
rCorr  .         Warding  .     (no gloves)
rMut   .         Stasis   .     d - +1 pair of boots
MR     +....                    (no amulet)
Stlth  +++.......               (no ring)
                                v - ring "Seruq" {EV+1 Stlth+}

@: somewhat resistant to hostile enchantments, fairly stealthy
A: no food or potions, fire vulnerability, cold resistance 1, negative energy
resistance 3, torment resistance, unbreathing
a: no special abilities


You were on level 5 of the Dungeon.
You were not hungry.

You visited 1 branch of the dungeon, and saw 6 of its levels.

You collected 275 gold pieces.

Inventory:

Missiles
 w - 3 large rocks
Armour
 d - a +1 pair of boots (worn)
 j - a +0 cloak (worn)
Jewellery
 t - an uncursed ring of wizardry
 v - the ring "Seruq" (left hand) {EV+1 Stlth+}
   (You found it on level 5 of the Dungeon)

   [ring of evasion]

   It affects your evasion (+1).
   It makes you more stealthy.
Wands
 g - a wand of teleportation (4)
 i - a wand of teleportation (2)
 l - a wand of slowing (27)
 m - a wand of paralysis (4)
Scrolls
 a - 2 scrolls of magic mapping
 b - a scroll of immolation
 e - 3 scrolls of identify
 h - 3 scrolls of remove curse
 k - 2 scrolls of blinking
 n - a scroll of recharging
 o - a scroll of amnesia {unknown}
 r - a scroll of teleportation
 s - a scroll of fog {unknown}
 u - a scroll of enchant armour {unknown}
Books
 p - a book of Dreams

   Spells                             Type                      Level
   a - Ensorcelled Hibernation        Hexes/Ice                    2
   b - Phase Shift                    Translocation                5
   c - Shadow Creatures               Summoning                    5
   d - Silence                        Hexes/Air                    5
   e - Darkness                       Hexes                        6
   f - Mass Confusion                 Hexes                        6
Comestibles
 f - 3 bread rations
 q - 3 meat rations (quivered)


   Skills:
 - Level 3.0 Fighting
 * Level 5.9 Dodging
 - Level 2.3 Stealth
 * Level 8.7 Unarmed Combat


You had 7 spell levels left.
You didn't know any spells.

Dungeon Overview and Level Annotations

Branches:
Dungeon (6/15)             Temple (0/1) D:5

Altars:
Cheibriados
Elyvilon
Ru
Sif Muna

Shops:
D:4 !

Annotations:
D:1 !cent
D:2 !@brain
D:5 exclusions: 2 downstairs, two-headed ogre and 8 more exclusions, Crazy Yiuf, Sigmund
D:6 1 exclusion


Innate Abilities, Weirdness & Mutations

You do not eat or drink.
Your flesh is vulnerable to fire.
You are immune to poison.
Your flesh is cold resistant.
You are immune to negative energy.
You are immune to unholy pain and torment.
You can survive without breathing.


Message History

The gnoll sergeant hits you with a spear of flaming!
The gnoll sergeant burns you.
You hit the gnoll sergeant.
The gnoll sergeant is heavily wounded.
You barely miss the gnoll sergeant.
The gnoll sergeant is heavily wounded.
The gnoll sergeant hits you with a spear of flaming!
The gnoll sergeant burns you.
You hit the gnoll sergeant but do no damage.
The gnoll sergeant is heavily wounded.
The gnoll sergeant hits you but does no damage.
You hit the gnoll sergeant but do no damage.
The gnoll sergeant is heavily wounded.
The gnoll sergeant hits you with a spear of flaming!
* * * LOW HITPOINT WARNING * * *
The gnoll sergeant burns you.
* * * LOW HITPOINT WARNING * * *
The gnoll sergeant closely misses you.
The gnoll sergeant hits you from afar with a spear of flaming!
You die...

..'>........................##
..#.########.######.#######..#
.........(.#.# #.# ##.####
.........#.#.######.# #.#..l
.....#.#.#.#.#......########.#.##
##.....#.#.#.#.####..............
#..<#.#.#.#.#.# #.########..##.
#...#.#.#.#.#.####.## ######
#......[.......@....#
#.#.#.#.#.#.#....#.## ♣♣♣
#.#.#.#.#.#.####g#.#♣♣ ♣♣♣(♣♣♣
#.....(.#.#....).....♣♣ ♣♣.....♣
##..#####.###.........♣♣♣.......
#....# #........≈≈≈...♣...≈≈≈..
#P.PP# #.###...≈≈≈≈≈.....≈≈≈≈≈.
#...## #.# #...≈≈♣≈≈.....≈≈_≈≈.
##.## #.####..≈≈≈≈≈.....≈≈≈≈≈.


You could see a gnoll sergeant.

Vanquished Creatures
  A giant orange brain (D:2)
  A water moccasin (D:2)
  A sky beast (D:5)
  A necrophage (D:5)
  3 centaurs
  An ogre (D:5)
  Blork the orc (D:6)
  A giant frog (D:5)
  2 crimson imps
  2 jellies
  3 orc wizards (D:6)
  2 hounds
  2 orc priests (D:6)
  An iguana (D:5)
  4 worker ants
  A worker ant zombie (D:6)
  4 gnolls (D:6)
  10 adders
  A shadow imp (D:5)
  A worm (D:2)
  17 orcs
  8 giant cockroaches
  25 goblins
  9 hobgoblins
  10 kobolds
  5 quokkas
  5 ball pythons
  5 bats
  8 giant geckos
  3 giant newts (D:2)
  37 jackals
  A jackal skeleton (D:5)
  12 rats
188 creatures vanquished.

Notes
Turn   | Place    | Note
--------------------------------------------------------------
     0 | D:1      | Kurtz the Mummy Monk began the quest for the Orb.
     0 | D:1      | Reached XP level 1. HP: 18/18 MP: 1/1
   387 | D:1      | Reached XP level 2. HP: 5/24 MP: 2/2
  1203 | D:2      | Reached skill level 4 in Unarmed Combat
  1220 | D:2      | Reached XP level 3. HP: 21/29 MP: 3/3
  1749 | D:2      | Reached XP level 4. HP: 28/35 MP: 4/4
  2114 | D:3      | Found a sacrificial altar of Ru.
  2474 | D:3      | Found a snail-covered altar of Cheibriados.
  2629 | D:3      | Reached skill level 5 in Unarmed Combat
  2711 | D:3      | Found a deep blue altar of Sif Muna.
  2958 | D:4      | Found Runum's Distillery.
  2979 | D:5      | Entered Level 5 of the Dungeon
  2993 | D:5      | Reached XP level 5. HP: 29/41 MP: 5/5
  3130 | D:5      | Noticed a giant frog
  3144 | D:5      | Killed a giant frog
  3270 | D:3      | Found a deep blue altar of Sif Muna.
  7702 | D:1      | Noticed a centaur
  8847 | D:5      | Noticed a sky beast
  9046 | D:5      | Reached XP level 6. HP: 36/47 MP: 6/6
  9131 | D:5      | Found a white marble altar of Elyvilon.
  9243 | D:5      | Reached skill level 6 in Unarmed Combat
  9311 | D:5      | Found a staircase to the Ecumenical Temple.
  9675 | D:5      | Got a pitted golden ring
  9676 | D:5      | Identified the ring "Seruq" {EV+1 Stlth+} (You found it on level 5 of the Dungeon)
  9728 | D:5      | Noticed an ogre
  9756 | D:5      | Killed an ogre
  9999 | D:5      | Noticed Crazy Yiuf
 10067 | D:5      | Noticed a two-headed ogre
 10262 | D:5      | Noticed Sigmund
 10399 | D:5      | Reached XP level 7. HP: 15/52 MP: 7/7
 10672 | D:5      | Reached skill level 7 in Unarmed Combat
 11395 | D:6      | Noticed Blork the orc
 12430 | D:1      | Killed a centaur
 12430 | D:1      | Reached XP level 8. HP: 32/58 MP: 8/8
 14048 | D:5      | Killed a sky beast
 14048 | D:5      | Reached skill level 8 in Unarmed Combat
 16397 | D:1      | Noticed a centaur warrior
 25209 | D:2      | Noticed a giant orange brain
 25221 | D:2      | Killed a giant orange brain
 25221 | D:2      | Reached skill level 5 in Dodging
 25306 | D:6      | Killed Blork the orc
 25679 | D:5      | Slain by a gnoll sergeant

Action                   |  1- 3 |  4- 6 |  7- 9 || total
-------------------------+-------+-------+-------++-------
Melee: Unarmed           |   131 |   320 |   347 ||   798
  Use: Scroll            |       |       |     8 ||     8
 Stab: Distracted        |     2 |     1 |     3 ||     6
       Sleeping          |     1 |     6 |     6 ||    13
